AoeStats
← Pascualito Rambert

Scandinavia

510808404Analyzed
1v1 RM · 1d ago on Oct 2, 2026· 31m 32s· 2 players
Game mode
Random Map
Map size
Tiny (2 player)
Population
200
Speed
Normal
Resources
Standard
Victory
Conquest
Starting age
Dark Age
Ending age
Imperial Age
RankedLock teamsTeams togetherTeam positionsShared explorationLock speedFull tech treeHidden civsTurbo modeCheats
Victory
Defeat
🇦🇷 Burgundians · Argentina
520
+20
🇦🇷 Britons · Argentina
619
-20
Pascualito Rambert
11:15 Feudal Age
11:21 Double-Bit Axe
17:18 Horse Collar
21:44 Castle Age
21:07 Scale Barding Armor
21:14 Heavy Plow
22:33 Husbandry
23:24 Gold Mining
25:34 Forging
26:27 Cavalier
32:11 Chain Barding Armor
nicolasmjr
13:30 Feudal Age
14:46 Double-Bit Axe
14:48 Loom
23:31 Castle Age
22:56 Gold Mining
23:44 Wheelbarrow
25:07 Squires
28:14 Forging
Connection lost

Rejoining the realm…

Still unreachable

The connection could not be restored.

Session expired

The server has moved on; the page needs a fresh start.